 Dungeon Crawl Stone Soup version 0.19.4 (webtiles) character file.

9590 Jerry the Carver (level 11, -21/86 HPs)
             Began as a Minotaur Monk on Jan 31, 2017.
             Was a High Priest of Okawaru.
             Demolished by a white ugly thing (28 damage)
             ... on level 10 of the Dungeon.
             The game lasted 00:37:34 (9625 turns).

Jerry the Carver (Minotaur Monk)                    Turns: 9625, Time: 00:37:35

Health: -21/86     AC: 15    Str: 16    XL:     11   Next: 25%
Magic:  14/16      EV: 21    Int:  7    God:    Okawaru [*****.]
Gold:   551        SH:  0    Dex: 16    Spells: 1 memorised, 9 levels left

rFire  + . .     SeeInvis +     O - +2 long sword (elec)
rCold  . . .     Gourm    .     r - +2 ring mail {rPois}
rNeg   . . .     Faith    .     (no shield)
rPois  +         Spirit   .     (helmet restricted)
rElec  .         Reflect  .     o - +0 cloak
rCorr  .         Harm     .     u - +0 pair of gloves
MR     .....                    p - +0 pair of boots
Stlth  +++.......               k - amulet of rage
                                K - ring of see invisible
                                I - ring of protection from fire

@: heroism
A: retaliatory headbutt, horns 2
a: Heroism, Finesse, Renounce Religion, Evoke Berserk Rage


You were on level 10 of the Dungeon.
You worshipped Okawaru.
Okawaru was extremely pleased with you.
You were not hungry.

You visited 1 branch of the dungeon, and saw 10 of its levels.
You also visited: Ossuary.

You collected 551 gold pieces.

Inventory:

Hand Weapons
 a - a +3 falchion
 D - a +0 great sword of holy wrath
 O - a +2 long sword of electrocution (weapon)
Armour
 o - a +0 cloak (worn)
 p - a +0 pair of boots (worn)
 r - a +2 ring mail of poison resistance (worn)
 u - a +0 pair of gloves (worn)
Jewellery
 k - an amulet of rage (around neck)
 I - a ring of protection from fire (left hand)
 K - a ring of see invisible (right hand)
 U - an uncursed ring of protection from fire
Wands
 m - a wand of paralysis (11/24)
 s - a wand of random effects (32/48)
 x - a wand of disintegration (14/24)
 F - a wand of paralysis (8/24)
 H - a wand of confusion (24/48)
 N - a wand of iceblast (5/15)
Scrolls
 b - 5 scrolls of amnesia
 e - 3 scrolls of fog
 g - a scroll of identify
 j - 8 scrolls of teleportation
 t - 4 scrolls of recharging
 w - 2 scrolls of remove curse
 y - a scroll of enchant weapon
 L - a scroll of enchant armour {unknown}
 Q - 2 scrolls of acquirement {unknown}
 R - a scroll of magic mapping {unknown}
 S - a scroll of immolation
Potions
 d - 3 potions of heal wounds
 f - 4 potions of haste
 h - a potion of flight
 l - a potion of cancellation
 n - 4 potions of lignification
 q - 2 potions of cure mutation
 v - a potion of mutation
 z - a potion of brilliance
 B - a potion of berserk rage
 E - a potion of curing {unknown}
 G - 2 potions of agility
 M - a potion of invisibility {unknown}
 P - 2 potions of might {unknown}
Books
 A - a book of Minor Magic

   Spells                             Type                      Level
   a - Magic Dart                     Conjuration                  1
   b - Blink                          Translocation                2
   c - Call Imp                       Summoning                    2
   d - Repel Missiles                 Charms/Air                   2
   e - Slow                           Hexes                        2
   f - Conjure Flame                  Conjuration/Fire             3
   g - Mephitic Cloud                 Conjuration/Poison/Air       3
 J - a book of Party Tricks

   Spells                             Type                      Level
   a - Summon Butterflies             Summoning                    1
   b - Apportation                    Translocation                1
   c - Lesser Beckoning               Translocation                3
   d - Tukima's Dance                 Hexes                        3
   e - Alistair's Intoxication        Transmutation/Poison         5
   f - Invisibility                   Hexes                        6
Comestibles
 c - 5 bread rations
 i - a slice of pizza
 C - 8 beef jerkies
 T - 14 chunks of flesh
 V - 2 fruits


   Skills:
 - Level 5.0(10.0) Fighting
 * Level 11.4(16.4) Long Blades
 + Level 10.3(15.3) Armour
 + Level 10.2(15.2) Dodging
 - Level 1.5(6.5) Stealth
 + Level 8.2 Invocations


You had 9 spell levels left.
You knew the following spells:

 Your Spells              Type           Power        Failure   Level  Hunger
a - Apportation           Tloc           #.........   73%         1    ##.....


Dungeon Overview and Level Annotations

Branches:
Dungeon (10/15)            Temple (0/1) D:4            Lair (0/6) D:8
    Orc (0/2) D:10

Altars:
Cheibriados
Dithmenos
Elyvilon
Fedhas
Gozag
Hepliaklqana
Kikubaaqudgha
Makhleb
Nemelex Xobeh
Okawaru
Ru
Trog
Uskayaw
Vehumet
Yredelemnul

Annotations:
D:3 Jerry's ghost, amateur OgBe


Innate Abilities, Weirdness & Mutations

You reflexively headbutt those who attack you in melee.
You have a pair of horns on your head.


Message History

The white ugly thing is moderately wounded.
You barely miss the white ugly thing.
The white ugly thing is moderately wounded.
The white ugly thing headbutts you. The white ugly thing freezes you!!
You hit the white ugly thing but do no damage.
You headbutt the white ugly thing!
The white ugly thing is heavily wounded.
The white ugly thing completely misses you.
You closely miss the white ugly thing.
The white ugly thing is heavily wounded.
The white ugly thing headbutts you! The white ugly thing freezes you!!
* * * LOW HITPOINT WARNING * * *
You gain the combat prowess of a mighty hero.
The white ugly thing barely misses you.
You riposte.
You hit the white ugly thing.
There is a sudden explosion of sparks!
The white ugly thing is severely wounded.
You fail to use your ability.
The white ugly thing headbutts you!
* * * LOW HITPOINT WARNING * * *
The white ugly thing freezes you!!
You die...

########## #........#
####### #........#
....>.. #........###
....... #..........###
....... ####
######.###...###u......
.... #.# ###...@.......
### #.# #####.......
#.## ###...# # #..##
###...... ### ##..#
##....... . ##..
##.####........ ....
#..# #.............
.... ##.##
##............
....##..##
###..........
>.........


You could see a white ugly thing.

Vanquished Creatures
  A hill giant (D:10)
  Pikel (D:8)
  A gargoyle (D:9)
  A kobold demonologist (D:9)
  A troll (D:9)
  A hornet (D:10)
  A two-headed ogre (D:10)
  2 hippogriffs
  Grinder (D:4)
  6 yaks (D:10)
  2 hungry ghosts (D:10)
  2 ice beasts
  2 orc warriors
  2 sky beasts
  2 slaves (D:8)
  A hornet zombie (D:7)
  2 phantoms
  3 black bears
  4 necrophages (D:8)
  A centaur (D:6)
  8 ogres
  5 big kobolds
  5 elf zombies (Ossuary)
  A gnoll sergeant (D:10)
  6 bullfrogs
  2 scorpions
  2 troll zombies (D:10)
  8 killer bees
  A howler monkey (D:6)
  5 crimson imps
  A quasit (D:10)
  5 human zombies (Ossuary)
  5 centaur zombies
  A jelly (D:5)
  4 hounds
  6 orc priests
  A centaur skeleton (D:10)
  7 orc wizards
  4 bullfrog skeletons
  4 iguanas
  5 worker ants
  6 ogre zombies (D:10)
  2 hound zombies
  3 mummies (Ossuary)
  A howler monkey zombie (D:6)
  22 gnolls
  10 adders
  3 shadow imps
  2 oozes
  An adder zombie (D:6)
  2 dart slugs (D:2)
  A worm (D:4)
  A leopard gecko (D:6)
  33 orcs
  4 ball pythons
  6 bats
  8 giant cockroaches
  4 goblins
  8 hobgoblins
  2 jackals (D:7)
  A quokka (D:2)
  6 frilled lizards
  3 goblin skeletons (D:10)
  2 goblin zombies (D:10)
  A hobgoblin skeleton (D:10)
  2 hobgoblin zombies (D:10)
  8 kobolds
  A leopard gecko skeleton (D:6)
  A leopard gecko zombie (D:8)
  3 orc skeletons (D:10)
  14 orc zombies (D:10)
  A quokka zombie (D:6)
  2 rats
287 creatures vanquished.

Vanquished Creatures (others)
  A crimson imp (D:8)
  An orc (D:8)
  A bush (D:8)
  6 plants (D:8)
9 creatures vanquished.

Grand Total: 296 creatures vanquished

Notes
Turn   | Place    | Note
-------+----------+-------------------------------------------
     0 | D:1      | Jerry the Minotaur Monk began the quest for the Orb.
     0 | D:1      | Reached XP level 1. HP: 19/19 MP: 0/0
   150 | D:1      | Reached XP level 2. HP: 17/27 MP: 1/1
   630 | D:1      | Reached skill level 1 in Armour
   911 | D:2      | Found an iron altar of Okawaru.
   913 | D:2      | Reached skill level 4 in Long Blades
   920 | D:2      | Became a worshipper of Warmaster Okawaru
   920 | D:2      | Reached * piety under Okawaru
   920 | D:2      | Reached ** piety under Okawaru
  1138 | D:2      | Reached XP level 3. HP: 33/33 MP: 2/2
  1742 | D:3      | Reached XP level 4. HP: 34/40 MP: 3/3
  1990 | D:3      | Noticed Jerry's ghost (amateur OgBe)
  2037 | D:3      | Reached XP level 5. HP: 25/47 MP: 4/4
  2250 | D:3      | Found a snail-covered altar of Cheibriados.
  2250 | D:3      | Found a hide-covered altar of Uskayaw.
  2286 | D:3      | Found a basalt altar of Yredelemnul.
  2519 | D:3      | Reached skill level 5 in Fighting
  2612 | D:3      | Reached skill level 5 in Long Blades
  2621 | D:3      | Reached skill level 1 in Invocations
  2621 | D:3      | Reached XP level 6. HP: 56/56 MP: 5/5
  2967 | D:4      | Found a sand-covered staircase.
  2978 | Ossuary  | Entered an ossuary
  3022 | Ossuary  | Reached skill level 5 in Dodging
  3298 | Ossuary  | Reached XP level 7. HP: 47/61 MP: 7/7
  3442 | Ossuary  | Reached *** piety under Okawaru
  3455 | Ossuary  | Reached skill level 6 in Long Blades
  3736 | D:4      | Found a staircase to the Ecumenical Temple.
  3744 | D:4      | Found a sparkling altar of Nemelex Xobeh.
  3796 | D:4      | Found a white marble altar of Elyvilon.
  3873 | D:4      | Noticed Grinder
  3884 | D:4      | Paralysed by Grinder for 6 turns
  3894 | D:4      | Killed Grinder
  3894 | D:4      | Reached skill level 5 in Armour
  3894 | D:4      | Reached XP level 8. HP: 43/68 MP: 7/9
  4308 | D:4      | Found a bloodstained altar of Trog.
  4505 | D:5      | Entered Level 5 of the Dungeon
  4511 | D:5      | Reached skill level 7 in Long Blades
  4853 | D:5      | Found a burning altar of Makhleb.
  5534 | D:6      | Reached **** piety under Okawaru
  5733 | D:6      | Reached skill level 8 in Long Blades
  5733 | D:6      | Reached skill level 5 in Invocations
  5733 | D:6      | Reached XP level 9. HP: 67/74 MP: 11/11
  6466 | D:7      | Learned a level 1 spell: Apportation
  6581 | D:7      | Found a faded altar of an unknown god.
  6581 | D:7      | Found a faded altar of an unknown god.
  6586 | D:7      | Found a faded altar of an unknown god.
  6588 | D:7      | Found a hazy altar of Hepliaklqana.
  6590 | D:7      | Found a faded altar of an unknown god.
  6791 | D:8      | Reached skill level 9 in Long Blades
  6994 | D:8      | Found a staircase to the Lair.
  7104 | D:8      | Noticed Pikel
  7122 | D:8      | Killed Pikel
  7122 | D:8      | Reached ***** piety under Okawaru
  7122 | D:8      | Reached XP level 10. HP: 78/81 MP: 13/13
  7427 | D:8      | Found a blossoming altar of Fedhas.
  7443 | D:8      | Found a shadowy altar of Dithmenos.
  7775 | D:8      | Received a gift from Okawaru
  7916 | D:9      | Noticed a gargoyle
  7927 | D:9      | Killed a gargoyle
  8056 | D:9      | Reached skill level 10 in Long Blades
  8561 | D:9      | Found a radiant altar of Vehumet.
  8653 | D:9      | Found an ancient bone altar of Kikubaaqudgha.
  8653 | D:9      | Found an opulent altar of Gozag.
  8653 | D:9      | Found a sacrificial altar of Ru.
  8680 | D:10     | Entered Level 10 of the Dungeon
  8821 | D:10     | Found a staircase to the Orcish Mines.
  8825 | D:10     | Noticed a hill giant
  8894 | D:10     | Received a gift from Okawaru
  8908 | D:10     | Reached skill level 10 in Armour
  8911 | D:10     | Reached XP level 11. HP: 33/86 MP: 15/15
  9248 | D:10     | Killed a hill giant
  9248 | D:10     | Reached skill level 11 in Long Blades
  9248 | D:10     | Reached skill level 10 in Dodging
  9618 | D:10     | Noticed a white ugly thing
  9625 | D:10     | Demolished by a white ugly thing

Skill      XL: |  1  2  3  4  5  6  7  8  9 10 11 |
---------------+----------------------------------+-----
Armour         | 1 2 3 5 6 8 10 | 10.3
Long Blades    | 4 5 6 8 9 10 11 | 11.4
Fighting       | 4 5 |  5.0
Dodging        | 4 5 6 7 8 9 10 | 10.2
Invocations    | 1 2 3 5 6 7 8 |  8.2
Stealth        | |  1.5

Action                   |  1- 3 |  4- 6 |  7- 9 | 10-12 || total
-------------------------+-------+-------+-------+-------++-------
Melee: Falchion          |    63 |   171 |   375 |   143 ||   752
       Headbutt          |    19 |    32 |    86 |   116 ||   253
       Punch             |       |       |     1 |     1 ||     2
       Long sword        |       |       |       |   223 ||   223
       Great sword       |       |       |       |     1 ||     1
Invok: Heroism           |       |       |     3 |     5 ||     8
 Abil: Evoke Berserk Rag |       |       |       |     2 ||     2
  Use: Scroll            |     4 |     4 |     9 |     6 ||    23
 Stab: Sleeping          |     3 |       |     2 |       ||     5
  Eat: Chunk             |     3 |     4 |    12 |    12 ||    31
       Beef jerky        |       |     1 |       |       ||     1
Armor: Robe              |     8 |       |       |       ||     8
       Leather armour    |     1 |     1 |       |       ||     2
       Ring mail         |       |    52 |   105 |    71 ||   228
Dodge: Dodged            |    52 |    95 |   215 |   207 ||   569
       Rpst.: Falchion   |    19 |    24 |    55 |    14 ||   112
       Long sword        |       |       |       |    43 ||    43
